 Dungeon Crawl Stone Soup version 0.29.1-2-gbd0b4ee654 (webtiles) character file.

Game seed: 14556679834371355711

200 qeuew the Conjurer (level 5, -2/28 HPs)
             Began as a Deep Elf Conjurer on Nov 3, 2022.
             Slain by a gnoll
             ... wielding a +0 halberd
              (5 damage)
             ... on level 3 of the Dungeon on Nov 4, 2022.
             The game lasted 00:08:22 (2959 turns).

qeuew the Conjurer (Deep Elf Conjurer)              Turns: 2959, Time: 00:08:23

Health: -2/28      AC:  5    Str:  4    XL:     5   Next: 48%
Magic:  7/14       EV:  9    Int: 25    God:
Gold:   90         SH:  0    Dex: 13    Spells: 6/13 levels left

rFire   . . .      SeeInvis .   b - +4 dagger
rCold   . . .      Faith    .   (no shield)
rNeg    . . .      Spirit   .   d - +0 ring mail
rPois   .          Reflect  .   (no helmet)
rElec   .          Harm     .   (no cloak)
rCorr   .          Rampage  .   (no gloves)
Will    .....                   (no boots)
Stlth   +.........              a - amulet of magic regeneration
HPRegen 0.09/turn               (no ring)
MPRegen 0.54/turn               (no ring)

@: no status effects
A: no striking features
a: no special abilities


You were on level 3 of the Dungeon.
You visited 1 branch of the dungeon, and saw 3 of its levels.

You collected 90 gold pieces.

Inventory:

Hand Weapons
 b - a +4 dagger (weapon)
Armour
 d - a +0 ring mail (worn)
Jewellery
 a - an amulet of magic regeneration (around neck)
Scrolls
 e - a scroll of blinking


   Skills:
 * Level 1.3 Short Blades
 * Level 0.7 Armour
 * Level 3.4 Dodging
 - Level 2.4 Stealth
 * Level 4.7 Spellcasting
 + Level 5.7 Conjurations
 * Level 0.9 Translocations


You had 6 spell levels left.
You knew the following spells:

 Your Spells              Type           Power      Damage    Failure   Level
a - Magic Dart            Conj           100%       1d8       4%          1
b - Searing Ray           Conj           68%        2d6       7%          2
c - Iskenderun's Mystic   Conj/Tloc      22%        2d6       77%         4

Your spell library contained the following spells:

 Spells                   Type           Power      Damage    Failure   Level
 Apportation              Tloc           20%        N/A       34%         1
 Dazzling Flash           Conj/Hex       40%        N/A       43%         3
 Fulminant Prism          Conj/Hex       10%        3d9       83%         4
 Alistair's Intoxication  Tmut/Pois      3%         N/A       100%        5


Dungeon Overview and Level Annotations

Branches:
Dungeon (3/15)

Altars:


Message History

The magic dart hits the gnoll!
The gnoll is severely wounded.
The magic dart hits the gnoll but does no damage.
The gnoll is severely wounded.
A gnoll comes into view. It is wielding a +0 halberd.
The gnoll closely misses you.
The magic dart hits the gnoll.
You kill the gnoll!
The gnoll shouts!
The magic dart hits the gnoll.
The gnoll is moderately wounded.
A gnoll comes into view. It is wielding a +0 flail.
The magic dart hits the gnoll.
The gnoll is moderately wounded.
The gnoll closely misses you.
The magic dart hits the gnoll.
The gnoll is heavily wounded.
The gnoll hits you from afar with a +0 halberd!
You are too injured to fight recklessly!
Aiming: Searing Ray (safe; 7% risk of failure)
Press: ? - help, Q - select action, (/) - cycle Shift-Dir - straight line, f/p - gnoll
Aim: a gnoll, wielding a +0 halberd (heavily wounded, 83% to hit)
The searing ray hits the gnoll.
The gnoll is severely wounded.
The searing ray hits the gnoll.
The gnoll is heavily wounded. (Press . to maintain the ray.)
The gnoll barely misses you.
Restarting spell: Searing Ray (safe; 7% risk of failure)
Press: ? - help, Q - select action, (/) - cycle Shift-Dir - straight line, f/p - gnoll
Aim: a gnoll, wielding a +0 halberd (severely wounded, 83% to hit)
The searing ray misses the gnoll. x2 (Press . to maintain the ray.)
The gnoll barely misses you.
The gnoll hits you from afar with a +0 halberd!
* * * LOW HITPOINT WARNING * * *
There is a stone staircase leading up, spattered with blood here.
The gnoll hits you but does no damage.
The gnoll hits you from afar with a +0 halberd.
You die...

#..# ...
.?.....##
#..#....#
###..#...#
........##
#.........
##.###..)......
.......@(....##
##...).).)....#
......ggg))..#.
...).....#..##
.#.#...........
# ####.##.....
... .).## ...
... ... ..#


You could see 3 gnolls.

Vanquished Creatures
  An orc priest (D:3)
  An orc wizard (D:3)
  3 adders (D:2)
  5 gnolls
  A worm (D:2)
  A dart slug (D:2)
  8 orcs
  3 bats
  4 endoplasms
  A giant cockroach (D:2)
  5 goblins
  9 hobgoblins
  2 quokkas (D:1)
  6 ball pythons
  2 frilled lizards
  3 kobolds
  5 rats
60 creatures vanquished.

Vanquished Creatures (others)
  8 plants (D:2)
8 creatures vanquished.

Grand Total: 68 creatures vanquished

Notes
Turn   | Place    | Note
-------+----------+-------------------------------------------
     0 | D:1      | qeuew the Deep Elf Conjurer began the quest for the Orb.
     0 | D:1      | Reached XP level 1. HP: 10/10 MP: 6/6
   261 | D:1      | Reached XP level 2. HP: 15/15 MP: 5/8
   351 | D:1      | Learned a level 2 spell: Searing Ray
   840 | D:1      | Reached skill level 5 in Conjurations
  1201 | D:2      | Reached XP level 3. HP: 14/19 MP: 10/10
  1454 | D:2      | Reached XP level 4. HP: 24/24 MP: 2/12
  1905 | D:2      | Reached skill level 1 in Short Blades
  2090 | D:2      | Found a faded altar of an unknown god.
  2270 | D:2      | Learned a level 4 spell: Iskenderun's Mystic Blast
  2589 | D:3      | Reached XP level 5. HP: 13/28 MP: 8/13
  2959 | D:3      | Slain by a gnoll

Illustrated notes

Levels and vault maps discovered:
D:1:      zelgadis_glass_arrival_small, layout_basic, nrook_mini_backslash,
          minmay_statues_item, serial_park_tiny_pond
D:2:      layout_basic, hellmonk_ecumenical_altar_heavens_door,
          nicolae_grassy_gnolls
D:3:      layout_basic, serial_shops, shop_fountains, nicolae_eternal_life,
          minmay_misc_feat_tower

Skill      XL: |  1  2  3  4 |
---------------+-------------+-----
Conjurations   | 5 |  5.7
Dodging        | 3 |  3.4
Spellcasting   | 4 |  4.7
Short Blades   | 1 |  1.3
Armour         | |  0.7
Stealth        | |  2.4
Translocations | |  0.9

Action                   |  1- 3 |  4- 6 || total
-------------------------+-------+-------++-------
Melee: Dagger            |     5 |     3 ||     8
 Cast: Magic Dart        |    18 |    34 ||    52
       Searing Ray       |    18 |    23 ||    41
  Use: Scroll            |     4 |     1 ||     5
       Potion            |     3 |     3 ||     6
 Stab: Sleeping          |     1 |       ||     1
Armor: Robe              |     2 |       ||     2
       Ring mail         |       |    11 ||    11
Dodge: Dodged            |     8 |    13 ||    21
